 Dungeon Crawl Stone Soup version 0.30-a0-722-g3e6e8c874d (webtiles) character file.

Game seed: 3609324961442202174

2648 Newt the Trooper (level 9, 0/69 HPs)
             Began as a Demonspawn Gladiator on Jan 27, 2023.
             Was an Initiate of Hepliaklqana.
             Slain by a gnoll sergeant
             ... wielding a +3 trident of protection
              (11 damage)
             ... on level 7 of the Dungeon.
             The game lasted 00:09:09 (7365 turns).

Newt the Trooper (Demonspawn Gladiator)             Turns: 7365, Time: 00:09:10

Health: 0/69       AC: 13    Str: 19    XL:     9   Next: 36%
Magic:  9/9        EV: 13    Int:  9    God:    Hepliaklqana [......]
Gold:   378        SH:  0    Dex: 15    Spells: 8/8 levels left

rFire   . . .      SeeInvis .    z - +5 trident
rCold   + . .      Faith    .    (no shield)
rNeg    + . .      Spirit   .    B - +0 steam dragon scales
rPois   .          Reflect  .    r - +2 hat
rElec   .          Harm     .    C - +0 cloak
rCorr   .          Rampage  .    s - +0 pair of gloves
Will    .....                    (no boots)
Stlth   ++                       (no amulet)
HPRegen 0.31/turn                f - ring of positive energy
MPRegen 0.11/turn                k - ring of protection from cold

@: no status effects
A: hooves 1, yellow scales 2, demonic guardian 2, foul stench 1
a: Renounce Religion


You were on level 7 of the Dungeon.
You worshipped Hepliaklqana.
Hepliaklqana was noncommittal.
You visited 2 branches of the dungeon, and saw 8 of its levels.

You collected 406 gold pieces.
You spent 28 gold pieces at shops.

Inventory:

Hand Weapons
 a - a +1 rapier
 u - a +2 whip of electrocution
 z - a +5 trident (weapon)
Missiles
 d - 3 throwing nets (quivered)
 e - a javelin
 m - 12 poisoned darts
Armour
 b - a +0 leather armour
 c - a +0 helmet
 r - a +2 hat (worn)
 s - a +0 pair of gloves (worn)
 B - +0 steam dragon scales (worn)
 C - a +0 cloak (worn)
Jewellery
 f - a ring of positive energy (left hand)
 j - a ring of ice
 k - a ring of protection from cold (right hand)
Wands
 q - a wand of iceblast (6)
 t - a wand of polymorph (11)
 A - a wand of light (5)
Scrolls
 g - a scroll of torment
 p - 4 scrolls of fear
 w - a scroll of magic mapping {unknown}
 y - a scroll of identify
Potions
 h - 4 potions of lignification
 i - a potion of resistance
 l - 2 potions of berserk rage
 n - 2 potions of attraction {unknown}
 o - 2 potions of flight
 v - a potion of might {unknown}
 x - a potion of haste


   Skills:
 - Level 6.0 Fighting
 - Level 4.0 Short Blades
 - Level 6.0 Maces & Flails
 + Level 0.8 Polearms
 - Level 1.7 Throwing
 - Level 4.0 Armour
 - Level 4.0 Dodging
 - Level 2.0 Stealth
 - Level 6.0 Evocations


You had 8 spell levels left.
You didn't know any spells.
Your spell library contained the following spells:

 Spells                   Type           Power      Damage    Failure   Level
 Apportation              Tloc           0%         N/A       38%         1
 Kiss of Death            Conj/Necr      0%         2d5       38%         1
 Necrotise                Necr           0%         1d4       38%         1
 Shock                    Conj/Air       0%         1d3       38%         1
 Summon Small Mammal      Summ           0%         N/A       38%         1
 Confusing Touch          Hex            0%         N/A       77%         3
 Gell's Gravitas          Tloc           0%         N/A       77%         3
 Swiftness                Air            0%         N/A       77%         3
 Teleport Other           Tloc           0%         N/A       77%         3
 Airstrike                Air            0%         2d(0-16)  99%         4
 Dispel Undead            Necr           0%         3d6       99%         4
 Dispersal                Tloc           0%         N/A       100%        6


Dungeon Overview and Level Annotations

Branches:
Dungeon (7/15)             Temple (1/1) D:5

Altars:
Ashenzari
Cheibriados
Dithmenos
Hepliaklqana
Kikubaaqudgha
Makhleb
Nemelex Xobeh
Okawaru
Qazlal
Sif Muna
Trog
Uskayaw
Vehumet
Wu Jian
Xom
Yredelemnul

Shops:
D:1 *

Annotations:
D:4 1 runed translucent door, Newt's ghost, amateur DsGl
Temple 2 transporters


Innate Abilities, Weirdness & Mutations

You have large cloven feet.
You are mostly covered in yellow scales. (AC +3)
A demonic guardian rushes to your aid.
You may rarely emit foul miasma when damaged in melee.


Message History

You are too injured to fight recklessly!
The ufetubus attacks as you move away! The ufetubus closely misses you.
The ufetubus misses you.
A gnoll comes into view. It is wielding a +0 whip.
Things that are here:
a +0 whip; a +0 leather armour A jackal comes into view.
The ufetubus closely misses you.
The ufetubus hits you but does no damage.
Your hellwing barely misses the ufetubus.
Your hellwing hits the ufetubus!
The ufetubus dies!
There is a stone staircase leading up here.
The gnoll sergeant completely misses you.
Things that are here:
a +0 whip; a +0 leather armour You hit the gnoll sergeant.
The gnoll sergeant is severely wounded.
An orc wizard comes into view.
It is wielding a +0 dagger of protection.
The gnoll hits your hellwing with a +0 whip.
A two-headed ogre comes into view.
It is wielding a +0 giant club and a +0 giant spiked club.
The gnoll sergeant hits you with a +3 trident of protection.
Your hellwing barely misses the gnoll. x2
You hit the gnoll sergeant.
The gnoll sergeant is almost dead.
The gnoll hits you from afar with a +0 spear.
The gnoll closely misses your hellwing.
The gnoll sergeant hits you with a +3 trident of protection!
* * * LOW HITPOINT WARNING * * *
Your hellwing hits the gnoll. x2
The gnoll sergeant attacks as you move away!
The gnoll sergeant hits you with a +3 trident of protection!
* * * LOW HITPOINT WARNING * * *
The gnoll hits your hellwing with a +0 whip.
The gnoll sergeant hits you but does no damage.
Your hellwing hits the gnoll.
The gnoll dies!
There is a stone staircase leading up here.
The gnoll sergeant hits you from afar with a +3 trident of protection!
You die...

.......... ##..
........# .#..##...
.......# ....#....#
....... ...
...#.##..##...o. ...
.........h...# ....
#.......#.g# .....
##.###..#g#
.....##....##@)4##
......#.........)##
................O.##.
#.....................
###...##.............#
##. #............g# #.
#.........#....# #
#..........##....
............# (..


You could see a two-headed ogre, a gnoll sergeant (ally target), an orc wizard,
2 gnolls, a jackal and a friendly hellwing (summoned).

Vanquished Creatures
  Maggie (D:6)
  Prince Ribbit (D:6)
  Menkaure (D:6)
  A water moccasin (D:5)
  An orc warrior (D:6)
  A black bear (D:6)
  3 ogres
  A phantom (D:6)
  3 centaurs (D:5)
  A bullfrog (D:6)
  4 scorpions
  2 howler monkeys
  2 jellies
  A gnoll bouda (D:7)
  A hound (D:6)
  2 iguanas
  Crazy Yiuf (D:6)
  4 orc wizards (D:5)
  Ijyb (D:4)
  Natasha (thrice) (D:3)
  Robin (D:4)
  7 gnolls (D:4)
  8 adders
  2 shadow imps
  A white imp (D:6)
  An ufetubus (D:5)
  A worm (D:4)
  19 orcs
  8 bats
  3 endoplasms
  5 giant cockroaches
  9 goblins
  5 hobgoblins
  4 kobolds
  5 quokkas
  10 ball pythons
  4 frilled lizards (D:2)
  4 rats (D:2)
132 creatures vanquished.

Vanquished Creatures (collateral kills)
  A scorpion (D:4)
  A hound (D:4)
  An orc wizard (D:5)
  A gnoll (D:7)
  An ufetubus (D:7)
  A goblin (D:4)
  2 hobgoblins
  A frilled lizard (D:2)
  A rat (D:3)
10 creatures vanquished.

Grand Total: 142 creatures vanquished

Notes
Turn   | Place    | Note
-------+----------+-------------------------------------------
     0 | D:1      | Newt the Demonspawn Gladiator began the quest for the Orb.
     0 | D:1      | Reached XP level 1. HP: 16/16 MP: 1/1
   233 | D:1      | Reached skill level 1 in Stealth
   382 | D:1      | Found Apuros Wine's General Store.
   419 | D:1      | Gained mutation: You are partially covered in yellow
                  | scales. (AC +2) [demonic ancestry]
   419 | D:1      | Reached XP level 2. HP: 22/22 MP: 2/2
   429 | D:1      | Bought a scroll of identify for 28 gold pieces
  1276 | D:2      | Gained mutation: A weak demonic guardian rushes to your
                  | aid. [demonic ancestry]
  1276 | D:2      | Reached XP level 3. HP: 25/28 MP: 3/3
  1658 | D:2      | Found an ornate altar of the Wu Jian Council.
  1975 | D:3      | Noticed Natasha
  1978 | D:3      | Killed Natasha
  1979 | D:3      | Gained mutation: You are mostly covered in yellow scales.
                  | (AC +3) [demonic ancestry]
  1979 | D:3      | Reached XP level 4. HP: 30/37 MP: 4/4
  2281 | D:3      | Noticed Natasha
  2312 | D:3      | Killed Natasha
  2523 | D:3      | Noticed Natasha
  2545 | D:3      | Killed Natasha
  2546 | D:3      | Gained mutation: A demonic guardian rushes to your aid.
                  | [demonic ancestry]
  2546 | D:3      | Reached XP level 5. HP: 11/42 MP: 5/5
  3487 | D:4      | Gained mutation: You may rarely emit foul miasma when
                  | damaged in melee. [demonic ancestry]
  3487 | D:4      | Reached XP level 6. HP: 45/48 MP: 6/6
  3513 | D:4      | Found a runed translucent door.
  3513 | D:4      | Noticed Newt's ghost (amateur DsGl)
  3623 | D:4      | Found a shadowy altar of Dithmenos.
  3925 | D:4      | HP: 2/48 [poisoned by an orc]
  3929 | D:4      | Reached XP level 7. HP: 3/55 MP: 7/7
  4342 | D:5      | Entered Level 5 of the Dungeon
  4392 | D:5      | Noticed Ijyb
  4392 | D:5      | Noticed Robin
  4525 | D:4      | Killed Ijyb
  4535 | D:4      | Reached skill level 5 in Fighting
  4709 | D:4      | Killed Robin
  4840 | D:5      | Reached skill level 1 in Maces & Flails
  5061 | D:5      | Reached XP level 8. HP: 57/64 MP: 8/8
  5560 | D:5      | Reached skill level 5 in Maces & Flails
  5657 | D:5      | Found a staircase to the Ecumenical Temple.
  5666 | Temple   | Entered the Ecumenical Temple
  5666 | Temple   | Found a transporter.
  5666 | Temple   | Found a transporter.
  5668 | Temple   | Found a transporter.
  5668 | Temple   | Found a transporter.
  5783 | D:6      | Noticed Menkaure
  6156 | D:6      | Killed Menkaure
  6157 | D:6      | Reached skill level 1 in Armour
  6626 | D:6      | Gained mutation: You have large cloven feet. [demonic
                  | ancestry]
  6626 | D:6      | Reached XP level 9. HP: 23/69 MP: 9/9
  6669 | D:6      | Noticed Maggie
  6736 | D:6      | Noticed Prince Ribbit
  6809 | D:6      | Killed Prince Ribbit
  6920 | D:6      | Found a bloodstained altar of Trog.
  6962 | D:6      | Killed Maggie
  6963 | D:6      | Reached skill level 5 in Evocations
  7024 | D:6      | Found a radiant altar of Vehumet.
  7025 | D:6      | Found a shimmering blue altar of Sif Muna.
  7027 | D:6      | Found a burning altar of Makhleb.
  7029 | D:6      | Found a hazy altar of Hepliaklqana.
  7160 | D:6      | Became a worshipper of Hepliaklqana the Forgotten
  7184 | D:6      | Found a runed translucent door.
  7185 | D:6      | Noticed Crazy Yiuf
  7276 | D:6      | Killed Crazy Yiuf
  7362 | D:7      | Noticed a two-headed ogre
  7365 | D:7      | Slain by a gnoll sergeant

Illustrated notes

Levels and vault maps discovered:
D:1:      dpeg_arrival_arbitrary_a, layout_basic, serial_shops, shop_fountains
D:2:      layout_basic, basic_altar
D:3:      layout_basic, serial_rivers, chequers_serial_rivers_micro_a,
          chequers_serial_rivers_room_b, chequers_serial_rivers_marsh,
          chequers_serial_rivers_marsh, chequers_serial_rivers_room_a,
          serial_bayou_pond_d, uniq_natasha
D:4:      layout_basic, nicolae_dithmenos_the_darkroom, gammafunk_ghost_grave
D:5:      layout_loops_ring, minmay_temple_entry_fiery, nicolae_goblin_pals
D:6:      layout_rooms, bloody_trog, grunt_temple_overflow_open,
          minmay_misc_feat_five, nrook_campfire, kennysheep_dice,
          uniq_prince_ribbit1, uniq_maggie, uniq_menkaure,
          uniq_crazy_yiuf_cottage
D:7:      layout_cave_pools, serial_gnoll_camp, gnoll_camp_mini_loothouse,
          gnoll_camp_mini_shop, gnoll_camp_huts_basic, gnoll_camp_mini_hut,
          gnoll_camp_mini_house
Temple:   hellmonk_temple_divided_pantheon

Skill      XL: |  1  2  3  4  5  6  7  8  9 |
---------------+----------------------------+-----
Stealth        | 1 2 |  2.0
Fighting       | 4 6 |  6.0
Dodging        | 3 4 |  4.0
Evocations     | 2 3 6 |  6.0
Short Blades   | 4 |  4.0
Maces & Flails | 3 6 |  6.0
Armour         | 4 |  4.0
Polearms       | |  0.8
Throwing       | |  1.7

Action                     |  1- 3 |  4- 6 |  7- 9 || total
---------------------------+-------+-------+-------++-------
  Melee: Rapier            |   122 |   152 |       ||   274
         Punch             |     1 |     5 |     3 ||     9
         Whip              |       |    21 |   195 ||   216
         Trident           |       |       |    31 ||    31
         Kick              |       |       |    12 ||    12
  Throw: Throwing net      |       |     7 |     1 ||     8
         Dart              |       |     2 |     2 ||     4
         Javelin           |       |       |     2 ||     2
  Evoke: Wand              |       |     3 |     2 ||     5
    Use: Scroll            |     6 |     3 |     3 ||    12
         Potion            |     1 |     3 |       ||     4
   Stab: Sleeping          |     5 |       |     1 ||     6
         Distracted        |     2 |       |       ||     2
         Held in net/web   |       |     1 |       ||     1
 Armour: Leather armour    |    47 |    65 |   104 ||   216
         Steam dragon scal |       |       |     2 ||     2
  Dodge: Dodged            |    89 |   130 |   163 ||   382

Table legend: (Time is in decaauts)
 A = Elapsed time spent in this place.
 B = Non-inter-level travel time spent in this place.
 C = Inter-level travel time spent in this place.
 D = Time resting spent in this place.
 E = Time spent auto-exploring this place.
 F = Levels seen in this place.
 G = Mean time per level.
                   A        B        C        D        E       F      G
               +--------+--------+--------+--------+--------+-----+--------+
         Total |   7386 |   7061 |    325 |   1895 |   3875 |   8 |  923.2 |
       Dungeon |   7359 |   7041 |    318 |   1895 |   3870 |   7 | 1051.3 |
        Temple |     27 |     20 |      7 |      0 |      5 |   1 |   27.0 |
               +--------+--------+--------+--------+--------+-----+--------+

Top non-repeatable levels by time:
     D:4: 1672 daAuts
     D:5: 1360 daAuts
     D:6: 1190 daAuts
     D:3: 1160 daAuts
     D:1: 977 daAuts
     D:2: 952 daAuts
     D:7: 45 daAuts
  Temple: 27 daAuts
